 Dungeon Crawl Stone Soup version 0.30-a0-250-g41c1d76940 (webtiles) character file.

Game seed: 11285757039591304869

554 Sobieck the Cudgeller (level 7, -7/71 HPs)
             Began as an Ogre Gladiator on Oct 12, 2022.
             Was an Initiate of the Shining One.
             Splashed by a jelly's acid (11 damage)
             ... on level 5 of the Dungeon.
             The game lasted 00:08:50 (4809 turns).

Sobieck the Cudgeller (Ogre Gladiator)              Turns: 4809, Time: 00:08:51

Health: -7/71      AC:  0    Str: 21    XL:     7   Next: 30%
Magic:  22/22      EV: 10    Int:  9    God:    the Shining One [......]
Gold:   302        SH:  0    Dex: 10    Spells: 6/6 levels left

rFire   . . .      SeeInvis .    a - +1 flail {mace}
rCold   . . .      Faith    +    (no shield)
rNeg    . . .      Spirit   .    b - +0 robe
rPois   .          Reflect  .    c - +0 hat
rElec   .          Harm     .    h - +0 cloak
rCorr   .          Rampage  .    (gloves unavailable)
Will    .....                    (boots unavailable)
Stlth   +.........               w
                                   - Hermit's Pendant {Faith Invo=14 Evo=0 MP+5}
HPRegen 0.31/turn                t - ring of flight
MPRegen 0.18/turn                (no ring)

@: corroded, flying, glowing
A: large, unfitting armour, tough skin 1
a: Renounce Religion


You were on level 5 of the Dungeon.
You worshipped the Shining One.
The Shining One was noncommittal.
You visited 1 branch of the dungeon, and saw 5 of its levels.

You collected 302 gold pieces.


Innate Abilities, Weirdness & Mutations

You are too large for most types of armour.
You have tough skin. (AC +1)


   Skills:
 + Level 4.9 Fighting
 - Level 5.0 Maces & Flails
 + Level 3.7 Throwing
 + Level 3.9 Dodging
 - Level 2.0(14.0) Invocations


You had 6 spell levels left.
You didn't know any spells.
Your spell library contained the following spells:

 Spells                   Type           Power      Damage    Failure   Level
 Magic Dart               Conj           0%         1d3       38%         1
 Sting                    Tmut/Pois      0%         1d3       38%         1
 Poisonous Vapours        Pois/Air       0%         N/A       52%         2
 Tukima's Dance           Hex            0%         N/A       77%         3
 Fulminant Prism          Conj/Hex       0%         3d6       99%         4
 Olgreb's Toxic Radiance  Pois           0%         N/A       99%         4
 Passage of Golubria      Tloc           0%         N/A       99%         4
 Summon Forest            Summ/Tloc      0%         N/A       100%        5
 Yara's Violent Unravell  Hex/Tmut       0%         3d3       100%        5
 Conjure Ball Lightning   Conj/Air       0%         3x3d6     100%        6
 Eringya's Noxious Bog    Tmut/Pois      0%         N/A       100%        6
 Summon Hydra             Summ           0%         N/A       100%        7

Inventory:

Hand Weapons
 a - a +1 flail (weapon) {mace}
 m - a +0 giant club {mace}
   (You took it off an ogre on level 4 of the Dungeon)
Missiles
 d - 2 throwing nets (quivered) {=f!fthrowing}
 e - a large rock {=fthrowing}
 o - 17 stones {throwing}
 p - 9 poisoned darts {throwing}
Armour
 b - a +0 robe (worn)
 c - a +0 hat (worn)
 h - a +0 cloak (worn)
   (You found it on level 1 of the Dungeon)
 l - a +0 robe
   (You found it on level 1 of the Dungeon)
Magical Staves
 y - a staff of fire {!astaff}
   (You found it on level 5 of the Dungeon)
Jewellery
 t - a ring of flight (left hand)
   (You found it on level 3 of the Dungeon)
 v - a ring of protection from fire
   (You found it on level 3 of the Dungeon)
 w - the Hermit's Pendant (around neck) {Faith Invo=14 Evo=0 MP+5}
   (You took it off a hobgoblin on level 4 of the Dungeon)

   [amulet of faith]

   It sets your invocations skill to 14 and your evocations skill to 0.
   It allows you to gain divine favour quickly.
   MP:        It affects your magic capacity (+5).
Wands
 s - a wand of iceblast (2)
   (You found it on level 3 of the Dungeon)
 z - a wand of acid (8)
   (You found it on level 5 of the Dungeon)
Scrolls
 f - a scroll of vulnerability {unknown}
 g - a scroll of magic mapping {unknown}
 k - a scroll of amnesia
 r - a scroll of noise {unknown}
Potions
 i - 2 potions of brilliance
 j - a potion of ambrosia {unknown}
 n - 2 potions of haste {unknown}
 q - 2 potions of curing {@q1}
 u - 3 potions of degeneration {unknown}
 x - a potion of might {unknown}

Dungeon Overview and Level Annotations

Branches:
Dungeon (5/15) Zot: 25128  Temple (0/1) D:4

Altars:
Cheibriados
Dithmenos
Fedhas
Xom
The Shining One

#.#............#
#.##.#########.#
#.##÷# #.# #....#
#.# ####.# #.##
.. #.# #..# #..
#.# ##.# ..# #.#
#.# ..# #@# #.#
#.## #J# #.#
#.#####.## #.#
#...h†...# #.# J
##...####.# #.#
#. ##..§§§###.#
#.## #.h
##§§.§§§§##.#
#..#
#...#§§....§§§#.#
##.#
#...§.§..§.§§..#
#.#


You could see a jelly.


Message History

The phantom closely misses you.
You barely miss the phantom. The phantom hits you.
You sock the phantom! The phantom hits you.
* * * LOW HITPOINT WARNING * * *
Unknown command.
You hit the phantom. The phantom hits you.
* * * LOW HITPOINT WARNING * * *
The phantom blinks!
You blink.
Unknown command.
You closely miss the phantom. You punch the phantom. The phantom hits you.
* * * LOW HITPOINT WARNING * * *
The phantom blinks!
You blink.
You barely miss the phantom. The phantom hits you.
* * * LOW HITPOINT WARNING * * *
You closely miss the phantom. The phantom hits you.
* * * LOW HITPOINT WARNING * * *
You hit the phantom.
You destroy the phantom!
The Shining One accepts your kill.
You have reached level 7!
You see here an adder corpse.
You start resting.
Unknown command.
Unknown command.
Okay, then.
Unknown command.
You now have 292 gold pieces (gained 16).
You now have 302 gold pieces (gained 10).
u - 3 orange potions (gained 2)
You see here the +9 plate armour of Bitterness {rPois rF- Stlth+}.
Unknown command.
A black bear comes into view.
The black bear growls angrily.
A jelly comes into view.
Danger!
Unknown command.
Danger!
The jelly quivers.
You see here an adder corpse.
Danger!
Unknown command.
Okay, then.
Unknown command.
Unknown command.
Okay, then.
Okay, then.
Unknown command.
The black bear bites you! The black bear claws you.
The black bear barely misses you.
Unknown command.
You hit the black bear.
The black bear bites you but does no damage.
The black bear claws you. x2
You hit the black bear. The black bear barely misses you. x2
The black bear claws you but does no damage.
Unknown command.
You hit the black bear. The black bear closely misses you. x2
The black bear claws you.
You hit the black bear but do no damage.
The black bear closely misses you. The black bear claws you.
The black bear closely misses you.
Unknown command.
You barely miss the black bear. The black bear bites you.
The black bear claws you. x2
You hit the black bear.
The black bear bites you but does no damage.
The black bear claws you. x2
Unknown command.
You sock the black bear! The black bear bites you. The black bear claws you.
* * * LOW HITPOINT WARNING * * *
The black bear misses you.
Unknown command.
You sock the black bear!
You kill the black bear!
The jelly jiggles.
The jelly hits you.
* * * LOW HITPOINT WARNING * * *
You are splashed with acid!
* * * LOW HITPOINT WARNING * * *
Unknown command.
You completely miss the jelly. The jelly barely misses you.
You hit the jelly.
Your hands burn!
* * * LOW HITPOINT WARNING * * *
The jelly hits you.
* * * LOW HITPOINT WARNING * * *
The acid corrodes you!
You are splashed with acid!
* * * LOW HITPOINT WARNING * * *
Unknown command.
You hit the jelly.
Your hands burn!
* * * LOW HITPOINT WARNING * * *
The jelly barely misses you.
Unknown command.
You hit the jelly.
Your hands burn!
* * * LOW HITPOINT WARNING * * *
The jelly hits you.
* * * LOW HITPOINT WARNING * * *
You are splashed with acid!
You die...

Skill      XL: |  1  2  3  4  5  6 |
---------------+-------------------+-----
Maces & Flails | 3 4 5 |  5.0
Fighting       | 3 4 |  4.9
Invocations    | 1 2 |  2.0
Dodging        | 3 |  3.9
Throwing       | 3 |  3.7

Action                   |  1- 3 |  4- 6 |  7- 9 || total
-------------------------+-------+-------+-------++-------
Melee: Flail             |    90 |   175 |    12 ||   277
       Punch             |     1 |     4 |       ||     5
Throw: Stone             |     8 |       |       ||     8
       Large rock        |     1 |     1 |       ||     2
       Throwing net      |       |     1 |       ||     1
  Use: Scroll            |       |     7 |       ||     7
       Potion            |       |     1 |       ||     1
Armor: Robe              |    36 |    45 |     3 ||    84
       Skin              |       |     9 |       ||     9
Dodge: Dodged            |    58 |    83 |    10 ||   151

Levels and vault maps discovered:
D:1:      mrwooster_arrival_statue_3, layout_rooms
D:2:      layout_loops_ring, nicolae_ecumenical_snake_handling, serial_bayou,
          serial_bayou_shore_a, serial_bayou_pond_e, serial_bayou_lagoon_a,
          serial_bayou_pond_d, serial_bayou_pond_d, serial_bayou_ford_a,
          basic_altar, chequers_serial_rivers_marsh
D:3:      layout_loops_ring
D:4:      layout_gridville, mainiacjoe_overflow_cross_hatched,
          amcnicky_altar_gilded, minmay_temple_entry_arrows
D:5:      layout_loops_ring, nicolae_dithmenos_the_darkroom,
          lemuel_doored_altar, chequers_serial_rivers_marsh

Notes
Turn   | Place    | Note
-------+----------+-------------------------------------------
     0 | D:1      | Sobieck the Ogre Gladiator began the quest for the Orb.
     0 | D:1      | Reached XP level 1. HP: 22/22 MP: 1/1
    67 | D:1      | Reached skill level 3 in Maces & Flails
   147 | D:1      | Reached XP level 2. HP: 29/29 MP: 2/2
   557 | D:2      | Reached XP level 3. HP: 16/36 MP: 3/3
   647 | D:2      | Found a glowing golden altar of the Shining One.
   674 | D:2      | Reached skill level 4 in Maces & Flails
   707 | D:2      | Became a worshipper of the Shining One
   761 | D:2      | Found a faded altar of an unknown god.
   895 | D:2      | Reached XP level 4. HP: 44/44 MP: 4/4
  1559 | D:3      | You add the spells Summon Forest, Eringya's Noxious Bog and
                  | Summon Hydra to your library.
  1648 | D:3      | You add the spells Sting, Poisonous Vapours and Olgreb's
                  | Toxic Radiance to your library.
  1765 | D:2      | Reached skill level 5 in Maces & Flails
  2068 | D:2      | Reached XP level 5. HP: 50/50 MP: 5/5
  2495 | D:3      | You add the spells Tukima's Dance, Passage of Golubria and
                  | Yara's Violent Unravelling to your library.
  2767 | D:3      | HP: 9/52 [gnoll/+0 club (6)]
  2770 | D:3      | HP: 2/78 [gnoll/+0 club (3)]
  2774 | D:3      | Reached skill level 3 in Fighting
  2972 | D:3      | HP: 11/53 [gnoll/+0 flail (12)]
  2974 | D:3      | Reached skill level 1 in Invocations
  3148 | D:4      | Found a staircase to the Ecumenical Temple.
  3299 | D:4      | Found a snail-covered altar of Cheibriados.
  3390 | D:4      | Noticed an ogre
  3396 | D:4      | Killed an ogre
  3397 | D:4      | Reached skill level 3 in Dodging
  3397 | D:4      | Reached XP level 6. HP: 62/62 MP: 5/7
  3451 | D:4      | Found a blossoming altar of Fedhas.
  3593 | D:4      | Reached skill level 2 in Invocations
  3748 | D:4      | You add the spells Magic Dart, Fulminant Prism and Conjure
                  | Ball Lightning to your library.
  3748 | D:4      | Got the Discourse on Confrontation
  4140 | D:5      | Entered Level 5 of the Dungeon
  4168 | D:5      | Found a shimmering altar of Xom.
  4257 | D:5      | HP: 15/62 [iguana (9)]
  4524 | D:5      | Reached skill level 4 in Fighting
  4524 | D:5      | Reached skill level 3 in Throwing
  4597 | D:5      | Found a shadowy altar of Dithmenos.
  4621 | D:5      | Reached XP level 7. HP: 26/71 MP: 17/17
  4779 | D:5      | Identified the +9 plate armour of Bitterness {rPois rF-
                  | Stlth+}
  4807 | D:5      | HP: 12/71 [acid (8)]
  4809 | D:5      | HP: 4/71 [jelly (3)]
  4809 | D:5      | Splashed by a jelly's acid

Vanquished Creatures
  A black bear (D:5)
  An ogre (D:4)
  A phantom (D:5)
  3 iguanas (D:5)
  7 gnolls
  9 adders
  2 worms
  3 dart slugs
  An orc (D:3)
  6 endoplasms
  2 giant cockroaches
  A goblin (D:1)
  11 hobgoblins
  7 kobolds
  A quokka (D:4)
  5 ball pythons
  6 bats
  2 rats (D:1)
69 creatures vanquished.

Vanquished Creatures (others)
  15 plants
15 creatures vanquished.

Grand Total: 84 creatures vanquished

Table legend:
 A = Non-vault XP
 B = Vault XP
 C = Vault XP percentage of total XP
 D = Non-vault monster count
 E = Vault monster count
 F = Vault count percentage of total count
                 A         B        C        D         E       F
            +---------+---------+-------+---------+---------+-------
      Total |     788 |       4 |   0.5 |      66 |       3 |   4.3
            +---------+---------+-------+---------+---------+-------
        D:1 |      56 |       0 |   0.0 |      17 |       0 |   0.0
        D:2 |      77 |       4 |   4.9 |      19 |       3 |  13.6
        D:3 |     116 |       0 |   0.0 |      15 |       0 |   0.0
        D:4 |     169 |       0 |   0.0 |       8 |       0 |   0.0
        D:5 |     370 |       0 |   0.0 |       7 |       0 |   0.0
            +---------+---------+-------+---------+---------+-------

Illustrated notes

Table legend:
 A = Kills in this place as a percentage of kills in entire the game.
 B = Kills by you in this place as a percentage of kills by you in the entire game.
 C = Kills by friends in this place as a percentage of kills by friends in the entire game.
 D = Other kills in this place as a percentage of other kills in the entire game.
 E = Experience gained in this place as a percentage of experience gained in the entire game.
 F = Experience gained in this place divided by the number of levels of this place that you have seen.
                   A       B       C       D       E      F
               +-------+-------+-------+-------+-------+----------------------
         Total | 100.0 | 100.0 |   N/A |   N/A | 100.0 | 158.4
       Dungeon | 100.0 | 100.0 |   N/A |   N/A | 100.0 | 158.4
               +-------+-------+-------+-------+-------+----------------------

Table legend: (Time is in decaauts)
 A = Elapsed time spent in this place.
 B = Non-inter-level travel time spent in this place.
 C = Inter-level travel time spent in this place.
 D = Time resting spent in this place.
 E = Time spent auto-exploring this place.
 F = Levels seen in this place.
 G = Mean time per level.
                   A        B        C        D        E       F      G
               +--------+--------+--------+--------+--------+-----+--------+
         Total |   4870 |   4684 |    186 |   1275 |   2714 |   5 |  974.0 |
       Dungeon |   4870 |   4684 |    186 |   1275 |   2714 |   5 |  974.0 |
               +--------+--------+--------+--------+--------+-----+--------+

Top non-repeatable levels by time:
     D:3: 1307 daAuts
     D:4: 1014 daAuts
     D:2: 980 daAuts
     D:1: 892 daAuts
     D:5: 675 daAuts
